 Dungeon Crawl Stone Soup version 0.24.1-8-ga250c9d538 (webtiles) character file.

Game seed: 4950460286362783006, levelgen mode: deterministic

215 Gwenloh the Magician (level 5, -2/38 HPs)
             Began as a Mummy Ice Elementalist on May 9, 2020.
             Killed from afar by Natasha (5 damage)
             ... with a magic dart
             ... on level 2 of the Dungeon.
             The game lasted 00:11:23 (2059 turns).

Gwenloh the Magician (Mummy Ice Elementalist)       Turns: 2059, Time: 00:11:24

Health: -2/38      AC:  8    Str: 11    XL:     5   Next: 60%
Magic:  3/11       EV: 12    Int: 16    God:
Gold:   158        SH:  0    Dex: 12    Spells: 9/12 levels left

rFire    x . .     SeeInvis .   i - +0 whip
rCold    + . .     Gourm    .   (no shield)
rNeg     + + +     Faith    .   j - +0 steam dragon scales
rPois    ∞         Spirit   .   e - +0 helmet
rElec    .         Reflect  .   c - +0 cloak
rCorr    .         Harm     .   l - +0 pair of gloves
MR       .....                  (no boots)
Stlth    ++........             h - amulet of regeneration
HPRegen  0.52/turn              (no ring)
MPRegen  0.12/turn              (no ring)

@: very slightly contaminated
A: no food or potions, fire vulnerability, cold resistance 1, negative energy
resistance 3, torment resistance, unbreathing
a: no special abilities


You were on level 2 of the Dungeon.
You were not hungry.

You visited 1 branch of the dungeon, and saw 2 of its levels.

You collected 158 gold pieces.

Inventory:

Hand Weapons
 a - a +0 club
 i - a +0 whip (weapon)
Missiles
 b - 78 stones (quivered)
Armour
 c - a +0 cloak (worn)
 e - a +0 helmet (worn)
 j - +0 steam dragon scales (worn)
 l - a +0 pair of gloves (worn)
Jewellery
 h - an amulet of regeneration (around neck)
Scrolls
 d - a scroll of identify {unknown}
 f - a scroll of noise {unknown}
 g - a scroll of remove curse {unknown}
 k - 2 scrolls of teleportation {unknown}


   Skills:
 + Level 2.1 Fighting
 + Level 1.4 Armour
 - Level 1.8 Dodging
 - Level 1.5 Stealth
 + Level 4.0 Spellcasting
 - Level 0.7 Conjurations
 * Level 3.8 Ice Magic


You had 9 spell levels left.
You knew the following spells:

 Your Spells              Type           Power        Failure   Level  Hunger
a - Freeze                Ice            ###.         3%          1    N/A
b - Throw Frost           Conj/Ice       ##....       10%         2    N/A

Your spell library contained the following spells:

 Spells                   Type           Power        Failure   Level  Hunger
 Ozocubu's Armour         Chrm/Ice       #.......     22%         3    N/A
 Throw Icicle             Conj/Ice       ##......     54%         4    N/A
 Summon Ice Beast         Ice/Summ       #.......     58%         4    N/A

Dungeon Overview and Level Annotations

Branches:
Dungeon (2/15)

Altars:

Annotations:
D:2 Natasha, Sigmund


Innate Abilities, Weirdness & Mutations

You do not eat or drink.
Your flesh is vulnerable to fire.
You are immune to poison.
Your flesh is cold resistant. (rC+)
You are immune to negative energy. (rN+++)
You are immune to unholy pain and torment.
You can survive without breathing.


Message History

Something hits you.
* * * LOW HITPOINT WARNING * * *
The worm bites you but does no damage. The shadow imp hits you.
* * * LOW HITPOINT WARNING * * *
Casting: Freeze (safe; 3% risk of failure)
Confirm with . or Enter, or press ? or * to list all spells.
Aiming: Freeze (safe; 3% risk of failure)
Press: ? - help, Shift-Dir - straight line, f/p - worm
Aim: a worm (severely wounded)
You freeze the worm.
You kill the worm!
The shadow imp hits you.
* * * LOW HITPOINT WARNING * * *
Something hits you.
* * * LOW HITPOINT WARNING * * *
Natasha barely misses you. The shadow imp closely misses you.
You see here a worm corpse.
Natasha casts a spell at you. The magic dart hits you.
You die...

#.......###...............#
#...................#......
#....######.........##.###.
###..### #................
####...## #%.......###....#
#....### #......(## ####..
##.#### ##.5((.(..# ##. #..#
####>†h###.#÷### #. ..########
##...@.## ##...#####.
....##...# #..##.## #..........
###.##...# #.##.## #..........
#......###.#.# #..).......
####....##..# ###.##.....
##.......# ##...##.....
##.......## #..####.....
##......#..#########.#####.....
#.......##...............!.....


You could see Natasha and a shadow imp.

Vanquished Creatures
  An ogre (D:2)
  Terence (D:2)
  Natasha (twice) (D:2)
  An adder (D:2)
  2 worms (D:2)
  A dart slug (D:2)
  3 giant cockroaches
  5 hobgoblins
  4 jackals
  A quokka (D:2)
  A ball python (D:1)
  5 bats
  A frilled lizard (D:2)
  5 goblins
  3 kobolds (D:2)
  6 rats
42 creatures vanquished.

Notes
Turn   | Place    | Note
-------+----------+-------------------------------------------
     0 | D:1      | Gwenloh the Mummy Ice Elementalist began the quest for the
                  | Orb.
     0 | D:1      | Reached XP level 1. HP: 13/13 MP: 4/4
   329 | D:1      | Reached XP level 2. HP: 18/20 MP: 2/5
   364 | D:1      | Learned a level 2 spell: Throw Frost
   696 | D:2      | Reached skill level 3 in Spellcasting
   697 | D:2      | Noticed an ogre
  1122 | D:2      | Killed an ogre
  1122 | D:2      | Reached skill level 1 in Fighting
  1122 | D:2      | Reached XP level 3. HP: 26/26 MP: 0/8
  1122 | D:2      | Reached XP level 4. HP: 32/32 MP: 0/9
  1262 | D:2      | Reached skill level 1 in Armour
  1271 | D:2      | Noticed Terence
  1284 | D:2      | Killed Terence
  1284 | D:2      | Reached XP level 5. HP: 38/38 MP: 0/10
  1734 | D:2      | Noticed Natasha
  1742 | D:2      | Killed Natasha
  1811 | D:2      | Noticed Natasha
  1824 | D:2      | Killed Natasha
  1824 | D:2      | Reached skill level 4 in Spellcasting
  1906 | D:2      | Noticed Sigmund
  2047 | D:2      | Noticed Natasha
  2059 | D:2      | Killed from afar by Natasha

Levels and vault maps discovered:
D:1:      dpeg_arrival_snail, layout_basic
D:2:      layout_rooms, uniq_sigmund, uniq_natasha, uniq_terence

Skill      XL: |  1  2  3  4  5 |
---------------+----------------+-----
Spellcasting   | 3 4 |  4.0
Fighting       | 1 2 |  2.1
Ice Magic      | 3 |  3.8
Armour         | 1 |  1.4
Dodging        | |  1.8
Stealth        | |  1.5
Conjurations   | |  0.7

Action                   |  1- 3 |  4- 6 || total
-------------------------+-------+-------++-------
Melee: Unarmed           |     2 |       ||     2
       Whip              |    12 |    18 ||    30
Throw: Stone             |    52 |    64 ||   116
 Cast: Freeze            |    33 |    48 ||    81
       Throw Frost       |     2 |       ||     2
Armor: Robe              |    13 |       ||    13
       Steam dragon scal |     1 |    26 ||    27
Dodge: Dodged            |    45 |    39 ||    84
